 Dungeon Crawl Stone Soup version 0.31-a0-177-g4aa6249778 (webtiles) character file.

Game seed: 10509827273250696519

935 qw the Chopper (level 8, 0/49 HPs)
             Began as a Gargoyle Fighter on June 18, 2023.
             Slain by an ogre
             ... wielding a +0 giant club
              (25 damage)
             ... on level 6 of the Dungeon.
             The game lasted 00:02:56 (5101 turns).

qw the Chopper (Gargoyle Fighter)                   Turns: 5101, Time: 00:02:57

Health: 0/49       AC: 15    Str: 23    XL:     8   Next: 11%
Magic:  8/8        EV:  8    Int:  8    God:
Gold:   69         SH:  4    Dex:  9    Spells: 7/7 levels left

rFire   . . .        Y - +2 war axe (freeze)
rCold   . . .        c - +0 buckler
rNeg    + . .        f - +0 chain mail
rPois   inf          g - +0 helmet
rElec   +            (no cloak)
rCorr   .            (no gloves)
SInv    .            (no boots)
Will    .....        j - amulet of regeneration Stlth
                     (no ring)
HPRegen 1.08/turn    (no ring)
MPRegen 0.11/turn

%: no passive effects
@: no status effects
A: sickness immunity, AC +5, negative energy resistance 1, electricity
resistance, torment resistance 1, petrification resistance
a: no special abilities


You were on level 6 of the Dungeon.
You visited 1 branch of the dungeon, and saw 6 of its levels.
You also visited: Sewer.

You collected 236 gold pieces.
You spent 167 gold pieces at shops.


Innate Abilities, Weirdness & Mutations

You are immune to sickness and miasma.
Your stone body is resilient. (AC +5)
You are immune to poison.
You resist negative energy. (rN+)
You are resistant to electric shocks. (rElec)
You are resistant to unholy torment.
You are immune to petrification.


   Skills:
 - Level 5.0 Fighting
 + Level 7.6 Axes
 - Level 3.2 Armour
 - Level 1.1 Dodging
 - Level 3.2 Shields


You had 7 spell levels left.
You didn't know any spells.
Your spell library was empty.

Inventory:

Hand Weapons
 a - a +0 flail
 Y - a +2 war axe of freezing (weapon)
Armour
 c - a +0 buckler (worn)
 f - a +0 chain mail (worn)
 g - a +0 helmet (worn)
Jewellery
 e - a ring of ice
 j - an amulet of regeneration (around neck)
Scrolls
 b - a scroll of identify
 o - a scroll of teleportation
Potions
 d - 5 potions of might
 h - a potion of haste
 i - 3 potions of mutation
 k - 2 potions of curing
 l - a potion of magic
 m - a potion of degeneration {unknown}
 n - a potion of heal wounds {unknown}
 q - a potion of cancellation {unknown}
 r - a potion of ambrosia {unknown}

Dungeon Overview and Level Annotations

Branches:
Dungeon (6/15)              Sewer (visited)
 Temple: D:4-7

Altars:
Gozag
Qazlal
Uskayaw

Shops:
D:3 (*(   D:5 ?

Annotations:
D:3 1 runed translucent door, qw's ghost, weakling NaHu


Message History

You feel a bit more experienced.
You have reached level 8!
You feel stronger.
p - a scroll of enchant weapon
5081 ||| READING scroll of enchant weapon.
As you read the scroll of enchant weapon, it crumbles to dust.
Your +1 war axe of freezing glows red for a moment.
5081 ||| ENCHANTING +1 war axe of freezing.
You open the door.
There is an open door here.
You open the door.
There is an open door here. 3 gnolls come into view.
The gnoll shouts! x3
An ogre comes into view. It is wielding a +0 giant club.
The ogre shouts!
You block the gnoll's attack. The gnoll hits you but does no damage.
The gnoll hits you with a +0 spear.
You hit the gnoll. You freeze the gnoll.
The gnoll is heavily wounded.
You hit the gnoll. You freeze the gnoll. You hit the gnoll.
You freeze the gnoll. The gnoll hits you but does no damage.
The gnoll closely misses you.
You closely miss the gnoll.
The gnoll is heavily wounded.
You hit the ogre but do no damage. You barely miss the gnoll.
You block the gnoll's attack.
The gnoll hits you from afar with a +0 spear!
The gnoll closely misses you.
You slash the gnoll! You freeze the gnoll.
You kill the gnoll!
You slash the ogre! You freeze the ogre. You hit the gnoll but do no damage.
The ogre hits you with a +0 giant club! The gnoll hits you but does no damage.
The gnoll hits you from afar with a +0 spear.
You hit the ogre. You freeze the ogre.
The ogre is severely wounded.
You barely miss the gnoll.
The gnoll hits you from afar with a +0 spear.
The ogre hits you with a +0 giant club!!
Ouch! That really hurt!
You die...

#...##.........#
##<..##.........# .
#....######.....# ..
#....##..##'######. ..
#######..#......... #.
#...##..#.........
#..##.......'......##.
#...O...######.....#
#..g.@..# #.......
#...)g.......#........
#............#........
#####..##############+
#..# ...# ....# #+###


You could see an ogre and 2 gnolls.

Vanquished Creatures
  A sky beast (D:6)
  A gnoll sergeant (D:4)
  A scorpion (D:4)
  A howler monkey (D:5)
  5 jellies
  A hound (D:5)
  A sleepcap (D:5)
  Jessica (D:2)
  An iguana (D:5)
  An orc wizard (D:3)
  11 gnolls
  13 adders
  2 river rats (Sewer)
  An ufetubus (D:3)
  A worm (D:2)
  5 dart slugs
  14 orcs
  8 bats
  13 endoplasms
  9 giant cockroaches
  10 goblins
  9 hobgoblins
  11 kobolds
  6 quokkas
  10 ball pythons
  4 frilled lizards
  10 rats
151 creatures vanquished.

Notes
Turn   | Place    | Note
-------+----------+-------------------------------------------
     0 | D:1      | qw the Gargoyle Fighter began the quest for the Orb.
     0 | D:1      | Reached XP level 1. HP: 14/14 MP: 1/1
     0 | D:1      | 0 ||| qw: Version: 0.3-a-7-ge0c9b40
     0 | D:1      | 0 ||| qw: Game counter: 857
     0 | D:1      | 0 ||| qw: Always use a shield: true
     0 | D:1      | 0 ||| qw: God list: Okawaru
     0 | D:1      | 0 ||| qw: Allow faded altars: false
     0 | D:1      | 0 ||| qw: Do Orc after D:15 true
     0 | D:1      | 0 ||| qw: Do second Lair branch before Depths: true
     0 | D:1      | 0 ||| qw: Lair rune preference: random
     0 | D:1      | 0 ||| qw: Plans: Normal, Zot:1-4, Slime:5, God:TSO, Crypt,
                  | Tomb, Abyss, Pan, Hells, Win
     0 | D:1      | 0 ||| PLANNING D:1-11
   116 | D:1      | Reached skill level 2 in Axes
   147 | D:1      | 147 ||| Stepping ~*~*~tactically~*~*~ (hiding).
   158 | D:1      | Reached XP level 2. HP: 19/19 MP: 2/2
   219 | D:1      | 219 ||| Stepping ~*~*~tactically~*~*~ (stealth).
   240 | D:1      | 240 ||| Stepping ~*~*~tactically~*~*~ (stealth).
   242 | D:1      | 242 ||| Stepping ~*~*~tactically~*~*~ (stealth).
   274 | D:1      | Reached skill level 3 in Axes
   487 | D:1      | Reached XP level 3. HP: 23/23 MP: 3/3
   621 | D:1      | 621 ||| Stepping ~*~*~tactically~*~*~ (stealth).
   967 | D:1      | 967 ||| UPGRADING to +0 chain mail.
   977 | D:1      | 977 ||| DROPPING +0 scale mail.
   978 | D:1      | 978 ||| UPGRADING to +0 helmet.
   983 | D:1      | 983 ||| DROPPING ring of flight.
   984 | D:1      | 984 ||| READING scroll labelled WISHRA SIUTIYK.
   985 | D:1      | 985 ||| READING scroll labelled VIOMOS QASA.
   986 | D:1      | 986 ||| READING scroll labelled CORREURIYM.
   987 | D:1      | 987 ||| READING scroll labelled REALUI LU ICA.
  1022 | D:2      | 1022 ||| STAIRDANCE
  1105 | D:2      | 1105 ||| Stepping ~*~*~tactically~*~*~ (hiding).
  1106 | D:2      | 1106 ||| Stepping ~*~*~tactically~*~*~ (hiding).
  1112 | D:2      | Reached XP level 4. HP: 18/28 MP: 4/4
  1154 | D:2      | 1154 ||| DROPPING +0 whip.
  1192 | D:2      | Reached skill level 4 in Axes
  1382 | D:2      | Noticed Jessica
  1386 | D:2      | Killed Jessica
  1710 | D:2      | 1710 ||| DROPPING orb of wrath.
  1711 | D:2      | 1711 ||| READING 2 scrolls labelled CENYEKK AXEXIW.
  1712 | D:2      | 1712 ||| READING scroll labelled XAPPOO ROSS.
  1713 | D:2      | 1713 ||| READING scroll labelled ZOIPEA LORA.
  1714 | D:2      | 1714 ||| READING scroll labelled LAXORHU TESU.
  1758 | D:3      | Reached XP level 5. HP: 22/32 MP: 5/5
  1824 | D:3      | Found Ophug's Assorted Antiques.
  1850 | D:3      | 1850 ||| BUYING emerald potion (17 gold).
  1850 | D:3      | Bought an emerald potion for 17 gold pieces
  1850 | D:3      | 1850 ||| BUYING garnet ring (95 gold).
  1850 | D:3      | Bought a garnet ring for 95 gold pieces
  1850 | D:3      | 1850 ||| BUYING scroll labelled ROAZXA VARGHOIR (19 gold).
  1850 | D:3      | Bought a scroll labelled ROAZXA VARGHOIR for 19 gold pieces
  1850 | D:3      | 1850 ||| SHOPLISTING scroll labelled ZESEQO DIGAUSM (19
                  | gold, have 11).
  1884 | D:3      | Found Decirha's Antique Weapon Boutique.
  2042 | D:3      | 2042 ||| Stepping ~*~*~tactically~*~*~ (stealth).
  2067 | D:3      | Reached skill level 5 in Axes
  2120 | D:3      | Identified the +2 leather armour of Sif Muna's Generosity
                  | {Regen+ Int-5 Dex+5 Stlth+}
  2144 | D:3      | Found an opulent altar of Gozag.
  2242 | D:3      | 2242 ||| Stepping ~*~*~tactically~*~*~ (hiding).
  2243 | D:3      | 2243 ||| Stepping ~*~*~tactically~*~*~ (hiding).
  2358 | D:3      | Found Foheqoikism's Weapon Shop.
  2361 | D:3      | 2361 ||| SHOPLISTING +3 morningstar of protection (305
                  | gold, have 23).
  2381 | D:3      | 2381 ||| Stepping ~*~*~tactically~*~*~ (stealth).
  2383 | D:3      | 2383 ||| Stepping ~*~*~tactically~*~*~ (stealth).
  2384 | D:3      | 2384 ||| Stepping ~*~*~tactically~*~*~ (stealth).
  2389 | D:3      | 2389 ||| Stepping ~*~*~tactically~*~*~ (stealth).
  2591 | D:3      | Found a runed translucent door.
  2592 | D:3      | Noticed qw's ghost (weakling NaHu)
  2604 | D:3      | 2604 ||| READING scroll labelled ROAZXA VARGHOIR.
  2625 | D:3      | 2625 ||| DRINKING 3 emerald potions.
  2626 | D:3      | 2626 ||| READING 3 scrolls of identify.
  2626 | D:3      | 2626 ||| IDENTIFYING black potion
  2627 | D:3      | 2627 ||| READING 2 scrolls of identify.
  2627 | D:3      | 2627 ||| IDENTIFYING sedimented inky potion
  2628 | D:3      | 2628 ||| DROPPING potion of brilliance.
  2653 | D:4      | 2653 ||| PLANNING SEWER
  2671 | D:4      | 2671 ||| Stepping ~*~*~tactically~*~*~ (stealth).
  2701 | D:4      | 2701 ||| Stepping ~*~*~tactically~*~*~ (stealth).
  2732 | D:4      | Reached XP level 6. HP: 38/38 MP: 6/6
  2871 | D:4      | 2871 ||| Stepping ~*~*~tactically~*~*~ (hiding).
  2873 | D:4      | 2873 ||| Stepping ~*~*~tactically~*~*~ (hiding).
  2940 | D:4      | 2940 ||| Stepping ~*~*~tactically~*~*~ (stealth).
  2942 | D:4      | 2942 ||| Stepping ~*~*~tactically~*~*~ (hiding).
  2943 | D:4      | 2943 ||| Stepping ~*~*~tactically~*~*~ (hiding).
  3111 | D:4      | Reached skill level 6 in Axes
  3128 | D:4      | 3128 ||| Stepping ~*~*~tactically~*~*~ (hiding).
  3131 | D:4      | 3131 ||| Stepping ~*~*~tactically~*~*~ (hiding).
  3147 | D:4      | Reached XP level 7. HP: 22/43 MP: 7/7
  3245 | D:4      | Reached skill level 1 in Dodging
  3263 | D:4      | Found a glowing drain.
  3264 | D:4      | 3264 ||| UPGRADING to amulet of regeneration.
  3269 | D:4      | 3269 ||| READING scroll labelled JIEGEUGAESTRE.
  3278 | Sewer    | Entered a sewer
  3338 | Sewer    | 3338 ||| Stepping ~*~*~tactically~*~*~ (stealth).
  3401 | Sewer    | 3401 ||| Stepping ~*~*~tactically~*~*~ (stealth).
  3458 | Sewer    | 3458 ||| Stepping ~*~*~tactically~*~*~ (water).
  3590 | Sewer    | Found a viscous altar of Jiyva.
  3650 | Sewer    | 3650 ||| DRINKING 2 fizzy grey potions.
  3651 | Sewer    | 3651 ||| READING 2 scrolls of identify.
  3651 | Sewer    | 3651 ||| IDENTIFYING murky amethyst potion
  3652 | Sewer    | 3652 ||| DROPPING potion of invisibility.
  3672 | D:4      | 3672 ||| PLANNING D:1-11
  3712 | D:4      | 3712 ||| Stepping ~*~*~tactically~*~*~ (hiding).
  3861 | D:4      | Found a hide-covered altar of Uskayaw.
  3903 | D:4      | 3903 ||| Stepping ~*~*~tactically~*~*~ (hiding).
  3905 | D:4      | 3905 ||| Stepping ~*~*~tactically~*~*~ (hiding).
  4127 | D:5      | Entered Level 5 of the Dungeon
  4157 | D:5      | Reached skill level 7 in Axes
  4218 | D:5      | Found Mawkan's Magic Scroll Shoppe.
  4228 | D:5      | 4228 ||| Stepping ~*~*~tactically~*~*~ (stealth).
  4252 | D:5      | 4252 ||| BUYING scroll of teleportation (36 gold).
  4252 | D:5      | Bought a scroll of teleportation for 36 gold pieces
  4337 | D:5      | 4337 ||| DROPPING +0 war axe of freezing.
  4432 | D:5      | 4432 ||| Stepping ~*~*~tactically~*~*~ (stealth).
  4988 | D:5      | 4988 ||| READING scroll labelled DAENYSK OKOLO.
  4989 | D:5      | 4989 ||| DRINKING 2 pink potions.
  5048 | D:6      | Found a stormy altar of Qazlal.
  5067 | D:6      | Reached XP level 8. HP: 49/49 MP: 8/8
  5081 | D:6      | 5081 ||| READING scroll of enchant weapon.
  5081 | D:6      | 5081 ||| ENCHANTING +1 war axe of freezing.
  5101 | D:6      | Slain by an ogre

Levels and vault maps discovered:
D:1:      onia_arrival_mini_maze_b, layout_basic, minmay_three_crescents
D:2:      layout_basic, minmay_misc_feat_x, nicolae_figureground_pulse,
          uniq_jessica
D:3:      layout_basic, mainiacjoe_overflow_alcove_1, gammafunk_ghost_grave,
          serial_shops, shop, nicolae_shop_behind_doors,
          nicolae_shop_tiny_real_fake_doors, kennysheep_boxes
D:4:      nicolae_cairo_tiling_very_big, layout_rooms, nicolae_uskayaw_suspiria,
          portal_sewer_entry_d
D:5:      layout_loops_ring, serial_shops, kennysheep_little_box,
          minmay_misc_feat_more_columns, grunt_decor_resistance,
          dk_noncrumbling_2
D:6:      layout_gridville, nicolae_qazlal_beasts_of_the_sky

Skill      XL: |  1  2  3  4  5  6  7 |
---------------+----------------------+-----
Axes           | 2 3 4 5 6 7 |  7.6
Fighting       | 4 5 |  5.0
Dodging        | 1 |  1.1
Armour         | |  3.2
Shields        | |  3.2

Action                     |  1- 3 |  4- 6 |  7- 9 || total
---------------------------+-------+-------+-------++-------
  Melee: War axe           |    75 |   232 |   125 ||   432
    Use: Scroll            |     4 |     7 |     4 ||    15
         Potion            |       |     1 |     2 ||     3
 Armour: Scale mail        |    35 |       |       ||    35
         Chain mail        |     6 |   133 |    78 ||   217
  Dodge: Dodged            |    36 |    99 |    31 ||   166
  Block: Buckler           |    15 |    32 |    16 ||    63

Table legend:
 A = Non-vault XP
 B = Vault XP
 C = Vault XP percentage of total XP
 D = Non-vault monster count
 E = Vault monster count
 F = Vault count percentage of total count
                 A         B        C        D         E       F
            +---------+---------+-------+---------+---------+-------
      Total |     918 |     418 |  31.3 |     112 |      39 |  25.8
            +---------+---------+-------+---------+---------+-------
        D:1 |      32 |      13 |  28.9 |      18 |       7 |  28.0
        D:2 |      82 |      37 |  31.1 |      21 |       1 |   4.5
        D:3 |     106 |       0 |   0.0 |      23 |       0 |   0.0
        D:4 |     374 |      14 |   3.6 |      31 |       1 |   3.1
        D:5 |     310 |       0 |   0.0 |      18 |       0 |   0.0
        D:6 |      14 |     133 |  90.5 |       1 |       1 |  50.0
      Sewer |       0 |     221 | 100.0 |       0 |      29 | 100.0
            +---------+---------+-------+---------+---------+-------
